 Dungeon Crawl Stone Soup version 0.30-a0-474-g5673dd7ce6 (webtiles) character file.

Game seed: 15494129047831635635

226492 Ijustatesigmund the Unseen (level 20, -2/136 HPs)
             Began as a Kobold Brigand on Dec 19, 2022.
             Was a High Priest of Wu Jian.
             Slain by an entropy weaver (5 damage)
             ... while paralysed by a great orb of eyes
             ... on level 2 of the Vaults on Dec 20, 2022.
             The game lasted 02:22:35 (37701 turns).

Ijustatesigmund the Unseen (Kobold Brigand)        Turns: 37701, Time: 02:22:35

Health: -2/136     AC: 14    Str: 11    XL:     20   Next: 13%
Magic:  39/43      EV:  3    Int: 21    God:    Wu Jian [*****.]
Gold:   688        SH:  0    Dex: 26    Spells: 30/39 levels left

rFire   + . .      SeeInvis .    o - +9 rapier (drain)
rCold   . . .      Faith    .    K - +1 buckler of Past Mistakes {rF+ Regen+ Str-3 Int+8}
rNeg    + + +      Spirit   .    E - +2 troll leather armour {Snorg}
rPois   +          Reflect  .    Y - +2 helmet of Narcissism {rN+ Will- MP+9 Dex+4}
rElec   .          Harm     .    c - +2 cloak {rPois}
rCorr   .          Rampage  .    u - +0 pair of gloves {Dex+3}
Will    .....                    m - +2 pair of boots
Stlth   ++++++++++               y - amulet of the Death Scarab {Acrobat rN++ Stlth+}
HPRegen 2.02/turn                F - +4 ring of slaying
MPRegen 0.28/turn                l - +4 ring of evasion

@: paralysed, marked, corroded
A: small, no large weapons, nightstalker 3, wild magic 1, MP-powered wands
}: 1/15 runes: serpentine
a: Renounce Religion, Wall Jump, Serpent's Lash, Heavenly Storm


You were on level 2 of the Vaults.
You worshipped Wu Jian.
Wu Jian was extremely pleased with you.
You visited 6 branches of the dungeon, and saw 29 of its levels.
You also visited: Gauntlet, Volcano and Desolation.

You collected 3705 gold pieces.
You spent 3017 gold pieces at shops.

Inventory:

Hand Weapons
 o - a +9 rapier of draining (weapon)
 O - a +2 hand crossbow of flaming
Missiles
 B - 2 curare-tipped darts
 Q - 6 atropa-tipped darts (quivered)
Armour
 c - a +2 cloak of poison resistance (worn)
 m - a +2 pair of boots (worn)
 u - a +0 pair of gloves of dexterity (worn)
 E - a +2 troll leather armour (worn) {Snorg}
 K - the +1 buckler of Past Mistakes (worn) {rF+ Regen+ Str-3 Int+8}
   (You found it on level 9 of the Dungeon)

   Str:       It affects your strength (-3).
   Int:       It affects your intelligence (+8).
   rF:        It protects you from fire.
   Regen:     It increases your rate of health regeneration.
 U - a +2 buckler of reflection
 Y - the +2 helmet of Narcissism (worn) {rN+ Will- MP+9 Dex+4}
   (You found it in a Gauntlet)

   Dex:       It affects your dexterity (+4).
   rN:        It protects you from negative energy.
   MP:        It affects your magic capacity (+9).
   Will:      It decreases your willpower.
Jewellery
 j - a +4 ring of protection
 l - a +4 ring of evasion (right hand)
 r - an amulet of regeneration
 s - a ring of see invisible
 y - the amulet of the Death Scarab (around neck) {Acrobat rN++ Stlth+}
   (You found it in the Desolation of Salt)

   [amulet of the acrobat]

   It increases your evasion while moving and waiting.
   rN:        It greatly protects you from negative energy.
   Stlth:     It makes you more stealthy.
 C - the ring "Quher" {Will+ Str+2 Int+6}
   (You found it in the Desolation of Salt)

   [ring of intelligence]

   Str:       It affects your strength (+2).
   Int:       It affects your intelligence (+6).
   Will:      It increases your willpower.
 F - a +4 ring of slaying (left hand)
 H - a ring of wizardry
 J - a ring of protection from fire
 N - the ring "Paatip" {rF+ rCorr}
   (You bought it in a shop on level 2 of the Orcish Mines)

   [ring of resist corrosion]

   rF:        It protects you from fire.
   rCorr:     It protects you from acid and corrosion.
 W - a ring of ice
Wands
 a - a wand of charming (1)
 p - a wand of digging (18)
 G - a wand of iceblast (6)
 L - a wand of flame (41)
 P - a wand of polymorph (3)
 V - a wand of quicksilver (1)
Scrolls
 d - 3 scrolls of fog
 g - 3 scrolls of magic mapping
 k - a scroll of poison
 q - a scroll of teleportation
 w - 9 scrolls of immolation
 z - a scroll of silence
 I - 4 scrolls of amnesia
 X - 8 scrolls of identify
 Z - a scroll of fear
Potions
 e - 4 potions of attraction
 f - 4 potions of flight
 h - 5 potions of mutation
 i - a potion of brilliance
 n - 7 potions of lignification
 t - 6 potions of haste
 v - 3 potions of magic
 x - 4 potions of cancellation
 D - 9 potions of curing
 M - 7 potions of might
 R - a potion of ambrosia
 S - 2 potions of berserk rage
 T - a potion of invisibility
Miscellaneous
 b - a box of beasts


   Skills:
 + Level 17.7 Fighting
 - Level 16.5 Short Blades
 - Level 3.4 Throwing
 - Level 7.4 Armour
 - Level 18.6 Dodging
 - Level 20.8 Stealth
 - Level 4.9 Shields
 - Level 10.0 Spellcasting
 - Level 10.3 Translocations
 + Level 2.9 Transmutations
 + Level 2.9 Earth Magic
 - Level 5.5 Evocations


You had 30 spell levels left.
You knew the following spells:

 Your Spells              Type           Power      Damage    Failure   Level
a - Apportation           Tloc           100%       N/A       1%          1
b - Blink                 Tloc           100%       N/A       1%          2
c - Manifold Assault      Tloc           63%        N/A       3%          4
e - Passwall              Tmut/Erth      24%        N/A       9%          2

Your spell library contained the following spells:

 Spells                   Type           Power      Damage    Failure   Level
 Lesser Beckoning         Tloc           100%       N/A       1%          3
 Momentum Strike          Conj/Tloc      82%        3d10      4%          2
 Sandblast                Erth           58%        2d13      6%          1
 Kindle Blastsparks       Fire/Tloc/Air  64%        2d15      13%         3
 Foxfire                  Conj/Fire      52%        2x1d6     17%         1
 Freeze                   Ice            52%        1d6       17%         1
 Kiss of Death            Conj/Necr      52%        2d9       17%         1
 Slow                     Hex            52%        N/A       17%         1
 Cigotuvi's Dreadful Rot  Necr/Pois/Air  26%        N/A       26%         2
 Ensorcelled Hibernation  Hex/Ice        26%        N/A       26%         2
 Scorch                   Fire           26%        2d6       26%         2
 Stone Arrow              Conj/Erth      42%        3d9       28%         3
 Ignite Poison            Fire/Tmut/Pois 19%        N/A       32%         3
 Dispersal                Tloc           31%        N/A       34%         6
 Frozen Ramparts          Ice            26%        1d4       43%         3
 Hailstorm                Conj/Ice       13%        3d5       43%         3
 Inner Flame              Hex/Fire       13%        N/A       43%         3
 Animate Armour           Summ/Erth      42%        N/A       63%         4
 Lee's Rapid Deconstruct  Erth           14%        3d9*      78%         5
 Anguish                  Hex/Necr       6%         N/A       82%         4
 Animate Dead             Necr           13%        N/A       82%         4
 Dispel Undead            Necr           13%        3d9       82%         4
 Flame Wave               Conj/Fire      13%        2d6       82%         4
 Sticky Flame             Conj/Fire      13%        2d4       82%         4
 Alistair's Intoxication  Tmut/Pois      14%        N/A       92%         5
 Agony                    Necr           13%        N/A       98%         5
 Starburst                Conj/Fire      6%         6d4       100%        6
 Summon Cactus Giant      Summ           6%         N/A       100%        6
 Borgnjor's Revivificati  Necr           6%         N/A       100%        8
 Discord                  Hex            6%         N/A       100%        8
 Disjunction              Tloc           31%        N/A       100%        8
 Infestation              Necr           6%         N/A       100%        8
 Lehudib's Crystal Spear  Conj/Erth      10%        10d4      100%        8
 Death's Door             Necr           6%         N/A       100%        9
 Fire Storm               Conj/Fire      6%         8d2       100%        9


Dungeon Overview and Level Annotations

Branches:
Dungeon (15/15)            Temple (1/1) D:5            Lair (5/5) D:10
 Shoals (0/4) Lair:3        Snake (4/4) Lair:3        Slime (0/5) Lair:4
    Orc (2/2) D:9             Elf (0/3) Orc:2        Vaults (2/5) D:13
 Depths (0/4) D:15        Volcano (visited)         Desolation (visited)
Gauntlet (visited)
  Crypt: Vaults:2-3

Altars:
Ashenzari
Cheibriados
Dithmenos
Elyvilon
Fedhas
Gozag
Hepliaklqana
Kikubaaqudgha
Makhleb
Nemelex Xobeh
Okawaru
Qazlal
Ru
Sif Muna
Trog
Uskayaw
Vehumet
Wu Jian
Xom
Yredelemnul
Zin
The Shining One
Jiyva

Shops:
D:5 (   D:14 ?   Orc:2 =[(*   Snake:2 :[   Snake:4 (

Portals:
Trove: Vaults:1 (show abyssal rune of Zot)

Annotations:
Lair:2 1 runed translucent door, Faisa's ghost, journeyman DsBe
Lair:4 1 runed translucent door, Colgate's ghost, journeyman DECj


Innate Abilities, Weirdness & Mutations

You are small and have problems with some larger weapons.
You are completely attuned to the shadows.
Your spells are a little harder to cast, but a little more powerful.
You expend magic power (3 MP) to strengthen your wands.


Message History

The very large slime creature is moderately wounded.
You puncture the very large slime creature!
The very large slime creature is moderately wounded.
You block the entropy weaver's attack. The entropy weaver misses you.
You block the entropy weaver's attack. x2
The slime creature completely misses you.
You puncture the slime creature! You drain the slime creature.
The slime creature is almost dead.
The entropy weaver casts a spell at you.
The entropic weave corrodes you!
The very large slime creature completely misses you.
The great orb of eyes gazes at you.
You suddenly lose the ability to move!
The entropy weaver hits you.
The entropy weaver hits you but does no damage. x2
The entropy weaver hits you. The slime creature hits you!
The slime creature hits you. The great orb of eyes gazes at you.
You feel your power leaking away.
The very large slime creature hits you!!!
The entropy weaver hits you but does no damage. x3
The entropy weaver hits you!
The slime creature hits you but does no damage. x2
The great orb of eyes bites you! The very large slime creature hits you!
The entropy weaver hits you. The entropy weaver hits you!
* * * LOW HITPOINT WARNING * * *
The entropy weaver hits you.
* * * LOW HITPOINT WARNING * * *
The entropy weaver hits you!
* * * LOW HITPOINT WARNING * * *
The slime creature barely misses you. x2; The great orb of eyes bites you.
* * * LOW HITPOINT WARNING * * *
The very large slime creature hits you!!
* * * LOW HITPOINT WARNING * * *
The entropy weaver barely misses you.
The entropy weaver hits you but does no damage.
The entropy weaver hits you.
* * * LOW HITPOINT WARNING * * *
The entropy weaver hits you.
You die...

.........'..........'.
..#.#....#..........'.
..###....#..........'.
..#$#...†#.....}....##
##...###)#..........#
#$.<)$#.)#..........#
#...###.#..........#
..#$#BJ..#..........#
###@J..#.......[..#
#JG..####'########
.......# #..........
###'#### #..........
... +.......... #.#
#..........
#.........[
#..........
#########'#


You could see an entropy weaver, a great orb of eyes, a very large slime
creature (drained) and 2 slime creatures.

Vanquished Creatures
  Nikola (Vaults:1)
  Asterion (Vaults:1)
  A quicksilver dragon (Snake:4)
  Agnes (Snake:4)
  Kirke (D:11)
  Gastronok (D:10)
  4 nagarajas
  A vault warden (Vaults:1)
  An imperial myrmidon (Desolation)
  Aizul (Vaults:1)
  5 orc warlords
  3 ironbound preservers (Vaults:1)
  A very ugly thing (D:15)
  An ironbound thunderhulk (Vaults:1)
  2 halazid warlocks (Desolation)
  Snorg (D:10)
  A minotaur (Gauntlet)
  2 crystal guardians (Desolation)
  Josephine (D:15)
  A fire dragon (Volcano)
  5 ragged hierophants (Desolation)
  3 great orbs of eyes
  4 hydras
  Fannar (Lair:1)
  3 salamander tyrants (Snake:4)
  5 servants of whispers (Desolation)
  An ogre mage (D:15)
  Erolcha (D:13)
  10 peacekeepers
  2 ironbound frosthearts (Vaults:1)
  4 centaur warriors
  2 dancing weapons (D:13)
  11 anacondas
  7 boulder beetles
  A death yak (Lair:4)
  8 two-headed ogres
  5 naga warriors
  2 tengu warriors
  11 naga sharpshooters
  A thrashing horror (Gauntlet)
  An orc high priest (Orc:2)
  Urug (D:11)
  3 shock serpents (Snake:4)
  Nergalle (Lair:2)
  Amaemon (D:9)
  A goliath frog (shapeshifter) (D:15)
  13 sea snakes
  2 salamander mystics
  9 deep trolls (Vaults:1)
  6 naga ritualists
  4 wizards
  A glowing orange brain (D:15)
  2 lindwurms (Vaults:1)
  10 ironbound convokers
  3 deep elf pyromancers
  13 salamanders
  4 orc sorcerers
  4 cyclopes
  11 orc knights
  31 ugly things
  14 mana vipers
  3 manticores
  8 elephants
  11 guardian serpents
  Joseph (Lair:1)
  12 naga magi
  4 vault sentinels (Vaults:2)
  3 molten gargoyles (Desolation)
  40 black mambas
  18 cane toads
  2 gargoyles
  A torpor snail (Lair:4)
  8 rime drakes
  Maggie (D:6)
  Psyche (D:9)
  A cane toad (shapeshifter) (D:14)
  18 komodo dragons
  4 orange demons
  3 unseen horrors
  An efreet (D:15)
  2 ice devils (Gauntlet)
  3 yaktaurs (Vaults:1)
  2 tengu conjurers (D:14)
  4 red devils (D:13)
  11 polar bears
  7 trolls
  3 meliai (D:15)
  31 slime creatures
  2 raiju (Lair:5)
  70 saltlings
  12 blink frogs
  5 dream sheep (Lair:3)
  2 vampires
  Sigmund (D:2)
  12 wyverns
  A shadow (D:11)
  3 basilisks
  5 fire bats (Volcano)
  39 yaks
  4 wraiths
  2 hogs
  5 steam dragons
  A redback (Vaults:2)
  9 wargs
  Grum (D:9)
  35 nagas
  15 hell hounds (Lair:5)
  Duvessa (D:5)
  4 acid dragons
  14 water moccasins
  39 orc warriors
  A sky beast (D:8)
  13 black bears
  3 ice beasts
  A hornet zombie (D:8)
  13 ogres
  37 wolves
  4 boggarts (Vaults:1)
  8 centaurs
  A phantom (D:4)
  2 kobold brigands
  5 bullfrogs
  2 necrophages
  Blork the orc (Orc:2)
  4 scorpions
  7 wights
  2 wyvern zombies (D:8)
  Dowan (D:5)
  7 killer bees
  2 electric eels
  A vampire bat (D:6)
  7 howler monkeys
  2 centaur zombies (D:8)
  A lava snake (D:8)
  A hound (D:5)
  A human zombie (D:8)
  2 jellies (D:6)
  18 orc priests
  Jessica (D:2)
  8 iguanas
  Terence (D:2)
  22 orc wizards
  2 small abominations (Gauntlet)
  A killer bee zombie (D:8)
  2 hound zombies (D:4)
  3 howler monkey zombies (D:8)
  2 gnolls
  6 adders
  3 shadow imps
  A white imp (D:7)
  2 adder zombies (D:4)
  3 worms
  3 dart slugs
  95 orcs
  9 bats
  11 endoplasms
  6 giant cockroaches
  9 goblins
  10 hobgoblins
  4 quokkas
  3 ball pythons
  A frilled lizard (D:1)
  8 kobolds
  A quokka zombie (D:4)
  4 rats
1106 creatures vanquished.

Vanquished Creatures (collateral kills)
  A two-headed ogre (D:11)
1 creature vanquished.

Vanquished Creatures (others)
  A peacekeeper (Desolation)
  A ragged hierophant (Desolation)
  A vault sentinel (Vaults:1)
  A steam dragon (Volcano)
  An orc warrior (Orc:2)
  2 orc wizards
  2 orcs
  A bush (Lair:2)
  23 fungi
  131 plants
  2 withered plants (Gauntlet)
166 creatures vanquished.

Grand Total: 1273 creatures vanquished

Notes
Turn   | Place    | Note
-------+----------+-------------------------------------------
     0 | D:1      | Ijustatesigmund the Kobold Brigand began the quest for the
                  | Orb.
     0 | D:1      | Reached XP level 1. HP: 12/12 MP: 1/1
   131 | D:1      | Reached XP level 2. HP: 18/18 MP: 2/2
   951 | D:2      | Reached XP level 3. HP: 18/22 MP: 3/3
   980 | D:2      | Noticed Terence
   985 | D:2      | Killed Terence
   986 | D:2      | Reached XP level 4. HP: 28/28 MP: 4/4
  1006 | D:2      | You fall into a shaft and drop 2 floors!
  1177 | D:4      | Noticed a scorpion
  1203 | D:4      | Reached XP level 5. HP: 32/32 MP: 5/5
  1207 | D:4      | Found a basalt altar of Yredelemnul.
  1401 | D:4      | Reached skill level 6 in Stealth
  1448 | D:4      | Noticed a phantom
  1493 | D:4      | Reached XP level 6. HP: 38/38 MP: 6/6
  1737 | D:2      | Noticed Sigmund
  1749 | D:2      | Killed Sigmund
  1750 | D:2      | Reached skill level 5 in Short Blades
  1848 | D:2      | Noticed Jessica
  1854 | D:2      | Killed Jessica
  1855 | D:2      | Reached XP level 7. HP: 39/44 MP: 7/7
  2189 | D:2      | Identified the +0 mace "Hyhod" {flame, rF- rC+ rN+++ SInv}
  2569 | D:3      | Found a faded altar of an unknown god.
  2698 | D:3      | Found a bloodstained altar of Trog.
  2917 | D:3      | Found a hazy altar of Hepliaklqana.
  3232 | D:3      | Found a stormy altar of Qazlal.
  3295 | D:4      | Reached skill level 5 in Fighting
  3295 | D:4      | Reached skill level 7 in Stealth
  3438 | D:5      | Entered Level 5 of the Dungeon
  3476 | D:5      | Found a radiant altar of Vehumet.
  3523 | D:5      | Found Ymoir's Weapon Shoppe.
  3838 | D:5      | Noticed Dowan
  3841 | D:5      | Reached XP level 8. HP: 44/50 MP: 8/8
  3858 | D:5      | Killed Dowan
  3859 | D:5      | Reached skill level 8 in Stealth
  3936 | D:5      | Noticed Duvessa
  3953 | D:5      | Killed Duvessa
  4431 | D:5      | Reached skill level 9 in Stealth
  4720 | D:5      | Found a staircase to the Ecumenical Temple.
  4727 | Temple   | Entered the Ecumenical Temple
  5267 | D:6      | Noticed Maggie
  5283 | D:6      | Killed Maggie
  5284 | D:6      | Reached XP level 9. HP: 29/56 MP: 9/9
  5625 | D:6      | Reached skill level 5 in Dodging
  6260 | D:7      | Reached skill level 1 in Evocations
  6782 | D:6      | Reached XP level 10. HP: 54/61 MP: 10/10
  6825 | D:6      | Reached skill level 1 in Armour
  7566 | D:7      | Reached skill level 5 in Evocations
  8406 | D:8      | Found an ornate altar of the Wu Jian Council.
  8412 | D:8      | Became a worshipper of the Wu Jian Council
  8667 | D:8      | Found an ancient bone altar of Kikubaaqudgha.
  8748 | D:8      | Reached * piety under Wu Jian
  9054 | D:9      | Learned a level 1 spell: Apportation
  9323 | D:9      | Reached skill level 1 in Translocations
  9507 | D:9      | Reached skill level 1 in Shields
  9513 | D:9      | Found a staircase to the Orcish Mines.
  9652 | D:9      | Identified the +3 scale mail "Yggyff" {rPois MP+9 Int-2}
  9658 | D:9      | Noticed Grum
  9659 | D:9      | Killed Grum
  9673 | D:9      | Noticed Psyche
  9683 | D:9      | Killed Psyche
  9684 | D:9      | Reached XP level 11. HP: 67/67 MP: 11/11
  9728 | D:9      | Identified the +1 buckler of Past Mistakes {rF+ Regen+
                  | Str-3 Int+8}
  9767 | D:9      | Noticed Amaemon
  9806 | D:9      | Killed Amaemon
  9954 | D:9      | Reached ** piety under Wu Jian
  9968 | D:9      | Reached skill level 5 in Translocations
 10290 | D:10     | Entered Level 10 of the Dungeon
 10290 | D:10     | Found a staircase to the Lair.
 10403 | D:10     | Noticed a two-headed ogre
 10441 | D:11     | Noticed a centaur warrior
 10479 | D:11     | Killed a centaur warrior
 10523 | D:11     | Noticed a two-headed ogre
 10547 | D:11     | Killed a two-headed ogre
 10548 | D:11     | Reached skill level 10 in Dodging
 10695 | D:11     | Reached skill level 10 in Stealth
 10947 | D:11     | Noticed a boulder beetle
 10953 | D:11     | Killed a boulder beetle
 11277 | D:10     | Found a sparkling altar of Nemelex Xobeh.
 11277 | D:10     | Found a burning altar of Makhleb.
 11278 | D:10     | Noticed Gastronok
 11294 | D:10     | Killed Gastronok
 11295 | D:10     | Reached XP level 12. HP: 33/74 MP: 12/12
 11333 | D:10     | Found a sacrificial altar of Ru.
 11351 | D:10     | Noticed Urug
 11362 | D:11     | Killed a two-headed ogre
 11363 | D:11     | Reached skill level 10 in Short Blades
 11377 | D:11     | Killed Urug
 11522 | D:10     | Found a snail-covered altar of Cheibriados.
 11562 | D:10     | Noticed Snorg
 11578 | D:10     | Reached skill level 11 in Stealth
 11619 | D:10     | Killed Snorg
 12645 | D:12     | Noticed a two-headed ogre
 12649 | D:12     | Killed a two-headed ogre
 12692 | D:12     | Noticed a boulder beetle
 12756 | D:12     | Killed a boulder beetle
 12757 | D:12     | Reached skill level 12 in Stealth
 12834 | D:12     | Reached *** piety under Wu Jian
 13180 | D:12     | Noticed a two-headed ogre
 13196 | D:12     | Killed a two-headed ogre
 13281 | D:12     | Noticed Kirke
 13418 | D:11     | Killed Kirke
 13419 | D:11     | Reached XP level 13. HP: 78/82 MP: 13/13
 14213 | D:12     | Reached skill level 10 in Fighting
 14702 | D:13     | Noticed Erolcha
 14705 | D:13     | Killed Erolcha
 14706 | D:13     | Reached skill level 13 in Stealth
 14864 | D:13     | Found a gate to the Vaults.
 14967 | Lair:1   | Entered Level 1 of the Lair of Beasts
 14973 | Lair:1   | Noticed Joseph
 15034 | Lair:1   | Reached **** piety under Wu Jian
 15139 | Lair:1   | Killed Joseph
 15307 | Lair:1   | Found a dark tunnel.
 15312 | Volcano  | Entered a volcano
 15503 | Volcano  | Reached skill level 14 in Stealth
 15651 | Volcano  | Noticed a fire dragon
 15721 | Volcano  | Killed a fire dragon
 15742 | Volcano  | Reached XP level 14. HP: 21/90 MP: 14/14
 16794 | Lair:1   | Noticed Fannar
 16799 | Lair:1   | Killed Fannar
 17018 | Lair:2   | Noticed Nergalle
 17022 | Lair:2   | Killed Nergalle
 17032 | Lair:2   | Found a hide-covered altar of Uskayaw.
 17033 | Lair:2   | Found an ornate altar of the Wu Jian Council.
 17284 | Lair:2   | Found a runed translucent door.
 17292 | Lair:2   | Noticed Faisa's ghost (journeyman DsBe)
 18060 | Lair:3   | Found a staircase to the Snake Pit.
 18207 | Lair:3   | Found a staircase to the Shoals.
 18212 | Lair:3   | Reached skill level 5 in Armour
 18329 | Lair:3   | Found a gate leading to a gauntlet.
 18344 | Gauntlet | Entered a Gauntlet
 18344 | Gauntlet | Found a transporter.
 18350 | Gauntlet | Found a transporter.
 18409 | Gauntlet | Found a transporter.
 18411 | Gauntlet | Found a transporter.
 18411 | Gauntlet | Identified the +2 helmet of Narcissism {rN+ Will- MP+9
                  | Dex+4}
 18462 | Gauntlet | Reached ***** piety under Wu Jian
 18494 | Gauntlet | Found a transporter.
 18695 | Gauntlet | Noticed a minotaur
 18706 | Gauntlet | Killed a minotaur
 19726 | Lair:4   | Found a viscous altar of Jiyva.
 19727 | Lair:4   | Found a staircase to the Slime Pits.
 19901 | Lair:4   | Reached skill level 15 in Short Blades
 20191 | Lair:4   | Found a runed translucent door.
 20191 | Lair:4   | Found a shimmering altar of Xom.
 20191 | Lair:4   | Noticed Colgate's ghost (journeyman DECj)
 20294 | Lair:4   | Reached XP level 15. HP: 98/98 MP: 15/15
 21013 | Lair:5   | Entered Level 5 of the Lair of Beasts
 21564 | Lair:5   | Reached ****** piety under Wu Jian
 23091 | Orc:1    | Entered Level 1 of the Orcish Mines
 23133 | Orc:1    | Found a shimmering altar of Xom.
 23629 | Orc:1    | Noticed an orc warlord
 23745 | Orc:1    | Killed an orc warlord
 23746 | Orc:1    | Reached skill level 15 in Stealth
 23836 | Orc:2    | Entered Level 2 of the Orcish Mines
 23943 | Orc:2    | Noticed an orc warlord
 23985 | Orc:2    | Killed an orc warlord
 24003 | Orc:2    | Noticed Blork the orc
 24008 | Orc:2    | Killed Blork the orc
 24046 | Orc:2    | Reached XP level 16. HP: 105/106 MP: 16/16
 24944 | Orc:2    | Gained mutation: You occasionally shout uncontrollably at
                  | your foes. [a neqoxec]
 25074 | Orc:1    | Paralysed by an orc sorcerer for 3 turns
 25081 | Orc:1    | Reached skill level 16 in Stealth
 25526 | Orc:2    | Paralysed by an orc sorcerer for 5 turns
 25579 | Orc:2    | Found Xaitan's General Store.
 25884 | Orc:2    | Found Taow's Antique Armour Shop.
 25910 | Orc:2    | Found Ulysto's Jewellery Shop.
 25916 | Orc:2    | Bought the ring "Paatip" {rF+ rCorr} for 544 gold pieces
 25987 | Orc:2    | Found a staircase to the Elven Halls.
 26032 | Orc:2    | Found Cisoigo's Antique Weapon Shop.
 26037 | Orc:2    | Bought a glowing rapier for 217 gold pieces
 26111 | Orc:2    | Lost mutation: You occasionally shout uncontrollably at
                  | your foes. [potion of mutation]
 26111 | Orc:2    | Gained mutation: You have hidden genetic potential. [potion
                  | of mutation]
 26128 | Orc:2    | Bought a +4 ring of slaying for 1248 gold pieces
 26298 | Snake:1  | Entered Level 1 of the Snake Pit
 26366 | Snake:1  | Reached skill level 15 in Dodging
 26928 | Snake:1  | Reached skill level 17 in Stealth
 27562 | Snake:2  | Learned a level 2 spell: Blink
 27611 | Snake:2  | Reached skill level 18 in Stealth
 27697 | Snake:2  | Found Elecwups's Book Emporium.
 27702 | Snake:2  | Bought a book of the Warp for 798 gold pieces
 27707 | Snake:2  | Learned a level 4 spell: Manifold Assault
 27708 | Snake:2  | Found Famumn's Antique Armour Shoppe.
 28403 | Snake:3  | Reached XP level 17. HP: 111/111 MP: 17/17
 28798 | Snake:3  | Gained mutation: Your spells are a little harder to cast,
                  | but a little more powerful. [hidden potential]
 29489 | Snake:3  | Reached skill level 19 in Stealth
 29628 | Snake:4  | Entered Level 4 of the Snake Pit
 29688 | Snake:4  | Noticed Agnes
 29719 | Snake:4  | Killed Agnes
 30002 | Snake:4  | Found a glowing silver altar of Zin.
 30065 | Snake:4  | Found Empox's Weapon Emporium.
 30371 | Snake:4  | Reached skill level 20 in Stealth
 30486 | Snake:4  | Reached XP level 18. HP: 96/116 MP: 18/18
 30524 | Snake:4  | Noticed a quicksilver dragon
 30524 | Snake:4  | Noticed a quicksilver dragon
 30528 | Snake:4  | Got a serpentine rune of Zot
 30824 | Snake:4  | Killed a quicksilver dragon
 30908 | Snake:3  | Upgraded the game from 0.30-a0-469-g84de5afbc5 to
                  | 0.30-a0-474-g5673dd7ce6
 31360 | D:13     | Reached skill level 10 in Translocations
 31381 | D:13     | Gained mutation: You expend magic power (3 MP) to
                  | strengthen your wands. [hidden potential]
 31381 | D:13     | Lost mutation: You have hidden genetic potential. [hidden
                  | potential expressed]
 32246 | D:14     | Found Ciniol's Magic Scroll Emporium.
 32283 | D:14     | Bought 2 scrolls of enchant weapon for 210 gold pieces
 32499 | D:15     | Entered Level 15 of the Dungeon
 32696 | D:15     | Reached skill level 1 in Spellcasting
 32888 | D:15     | Noticed Josephine
 32890 | D:15     | Killed Josephine
 33119 | D:15     | Found a sparkling altar of Nemelex Xobeh.
 33462 | D:15     | Identified the +6 trident of Zin {vorpal, rCorr Stlth+}
 33503 | D:15     | Found an opulent altar of Gozag.
 33667 | D:15     | Found a staircase to the Depths.
 33923 | Vaults:1 | Entered Level 1 of the Vaults
 33973 | Vaults:1 | Found a crumbling gateway.
 34001 | Desolati | Entered the Desolation of Salt
 34022 | Desolati | Reached skill level 15 in Fighting
 34097 | Desolati | Reached skill level 5 in Spellcasting
 34446 | Desolati | Reached XP level 19. HP: 124/124 MP: 28/28
 34695 | Desolati | Got Fuitamaado's Precepts of Enchantment
 34766 | Desolati | Found the +10 dark maul {vorpal}
 34776 | Desolati | Got the Handbook of Necromancy
 34782 | Desolati | Got Aciackol's Enchiridion on Petrified Feathers
 34856 | Desolati | Got Ereshkigal's Textbook on Combat Magic and Sinister
                  | Rites
 34918 | Desolati | Identified the ring "Quher" {Will+ Str+2 Int+6}
 34924 | Desolati | Got the Dissertation on the Blaze
 34925 | Desolati | Identified the +5 scale mail of Refuge {-Tele MP+9 Dex+2}
 34955 | Desolati | Got the Codex of Incandescence
 34957 | Desolati | Got the Compendium of Frostbitten Misery
 34958 | Desolati | Identified the amulet of the Death Scarab {Acrobat rN++
                  | Stlth+}
 35482 | Vaults:1 | Noticed Nikola
 36089 | Vaults:1 | Noticed Asterion
 36339 | Vaults:1 | Killed Asterion
 36407 | Vaults:1 | Found a portal to a secret trove of treasure.
 36780 | Vaults:1 | Reached skill level 10 in Spellcasting
 36782 | Vaults:1 | Learned a level 1 spell: Sandblast
 36785 | Vaults:1 | Learned a level 2 spell: Passwall
 37140 | Vaults:1 | Noticed Aizul
 37162 | Vaults:1 | Killed Nikola
 37163 | Vaults:1 | Reached skill level 1 in Transmutations
 37163 | Vaults:1 | Reached skill level 1 in Earth Magic
 37174 | Vaults:1 | Killed Aizul
 37363 | Vaults:1 | Reached XP level 20. HP: 128/134 MP: 34/34
 37698 | Vaults:2 | Paralysed by a great orb of eyes for 3 turns
 37701 | Vaults:2 | HP: 4/136 [very large slime creature (21)]
 37701 | Vaults:2 | Slain by an entropy weaver

Illustrated notes

Levels and vault maps discovered:
D:1:      dpeg_arrival_lava_temple_mockup, layout_loops_ring,
          nicolae_eternal_life, patterned_corridor
D:2:      cheibrodos_helix_gallery, layout_loops_ring, minmay_statues_item,
          chequers_serial_rivers_marsh, uniq_sigmund, uniq_jessica, uniq_terence
D:3:      layout_loops_ring, nicolae_hepliaklqana_hippocampus,
          mainiacjoe_overflow_alcove_2, nicolae_qazlal_general_emergency,
          shapermc_ecumenical_altar_gd
D:4:      layout_basic, nicolae_yredelemnul_corpse_copse
D:5:      layout_layer_cave, lemuel_crystal_altar, temple_green, serial_shops,
          kennysheep_little_box, uniq_duvessa
D:6:      minmay_opposing_rooms, layout_loops_ring, skrybe_limestone_x,
          nrook_mini_vaults, grunt_ministairs_15, roderic_batcave, uniq_maggie
D:7:      layout_basic
D:8:      layout_cave_pools, lemuel_mausoleum_altar_kikubaaqudgha,
          mainiacjoe_overflow_cross_hatched, kennysheep_potato
D:9:      layout_stronghold, orc_0_dummy, minmay_misc_feat_doors, uniq_grum,
          uniq_amaemon, uniq_psyche
D:10:     layout_loops_cross, kennysheep_slug_shrine,
          nicolae_overflow_hidden_temple, lair_entry_dummy, uniq_snorg,
          uniq_urug, uniq_gastronok
D:11:     layout_loops_cross
D:12:     layout_roguey, grunt_decor_fettered, uniq_kirke
D:13:     layout_gridville, erik_vaults_1, minmay_beelzebubs_servants,
          uniq_erolcha
D:14:     layout_roguey, serial_shops, nicolae_inconvenience_store,
          serial_park_tiny_pond, lemuel_flamethrower_hall
D:15:     gammafunk_enter_depths_forms, layout_basic,
          nicolae_gozag_seed_capital, nemelex_xobeh_ov_fountains_minmay,
          uniq_josephine
Temple:   nicolae_temple_bog_church
Lair:1:   layout_regular_city, nicolae_volcano_entry_s_turn, uniq_fannar,
          uniq_joseph
Lair:2:   layout_long_grid, ebering_ghost_inner_flame,
          nzn_masters_of_martial_movement, grunt_megastairs_4,
          lemuel_fruit_fields, uniq_nergalle
Lair:3:   layout_cave_shapes, minmay_shoals_entry_centaurs, dummy_snake_entry,
          serial_forest, infiniplex_forest_end_3,
          infiniplex_forest_clump_curved, infiniplex_forest_straight_1,
          infiniplex_forest_lined_4_way, infiniplex_forest_lined_3,
          infiniplex_forest_straight_2, infiniplex_forest_clump_medium,
          infiniplex_forest_clump_large, infiniplex_forest_lined_2,
          gauntlet_entry_generic
Lair:4:   layout_regular_city, slime_entry_1, ebering_ghost_xom,
          grunt_megastairs_3
Lair:5:   hangedman_lair_caniforms_friends, layout_regular_city,
          minmay_lair_drake_nest, wad_woods_river_01, lemuel_fruit_tree
Snake:1:  layout_misc_corridors
Snake:2:  layout_onion, serial_bayou_pond_e, grunt_ministairs_15,
          minmay_shoptagon, nicolae_triple_integral
Snake:3:  layout_onion, serial_bayou, serial_bayou_pond_e, serial_bayou_shore_b,
          serial_bayou_shore_b, serial_bayou_shore_a,
          nicolae_snake_gridmaze_entwining, serial_bayou_ford_a,
          serial_bayou_shore_b
Snake:4:  hellmonk_snake_rune_quicksilver_temple, layout_onion, serial_shops,
          shop, basic_altar, serial_bayou_pond_e, serial_bayou_lagoon_b,
          uniq_agnes
Orc:1:    layout_diamond_mine, basic_altar, hellmonk_bongcloud_opening,
          minmay_orc_barracks
Orc:2:    grunt_orc_cross, layout_caves, basic_altar
Vaults:1: portal_desolation_entry_nicolae_nacl, hangedman_vaults_unwind,
          v_alt_pattern_5, v_misc_14, grunt_vaults_hallway_long,
          special_room_vaults [special_room_orc], ontoclasm_vaults_gateway,
          nicolae_vaults_yaktaur_gun_rack, vaults_dpeg_diagonal,
          layout_vaults_omnigrid, enter_trove_0, uniq_aizul, uniq_nikola,
          uniq_asterion
Vaults:2: nicolae_vaults_little_squares_3, st_star, v_misc_9,
          nicolae_vaults_triangles, nicolae_vaults_what_the_h,
          ontoclasm_vaults_loading_screen, nicolae_vaults_mini_display_case,
          v_misc_29, v_alt_pattern_6, vaults_room_pools,
          layout_vaults_omnicross, serial_shops, nicolae_shop_hallway_stairs

Skill      XL: |  1  2  3  4  5  6  7  8  9 10 11 12 13 14 15 16 17 18 19 20 |
---------------+-------------------------------------------------------------+-----
Short Blades   | 3 4 5 6 8 9 11 13 15 16 | 16.5
Dodging        | 2 3 9 10 12 13 14 16 18 | 18.6
Fighting       | 3 4 5 6 7 8 9 11 13 14 15 17 | 17.7
Stealth        | 6 7 9 10 12 14 15 18 20 | 20.8
Evocations     | 3 5 |  5.5
Armour         | 2 3 6 7 |  7.4
Throwing       | 3 |  3.4
Translocations | 3 6 9 10 | 10.3
Shields        | 2 4 |  4.9
Spellcasting   | 6 10 | 10.0
Transmutations | 1 2 |  2.9
Earth Magic    | 1 2 |  2.9

Action                   |  1- 3 |  4- 6 |  7- 9 | 10-12 | 13-15 | 16-18 | 19-21 || total
-------------------------+-------+-------+-------+-------+-------+-------+-------++-------
Melee: Dagger            |    25 |    38 |   316 |    93 |       |       |       ||   472
       Punch             |       |       |     5 |     4 |       |       |       ||     9
       Short sword       |       |       |       |   786 |  2487 |   311 |       ||  3584
       Unarmed           |       |       |       |     3 |       |       |       ||     3
       Rapier            |       |       |       |       |       |  1368 |   839 ||  2207
Throw: Dart              |       |     6 |     7 |    36 |    10 |     1 |     1 ||    61
 Cast: Manifold Assault  |       |       |       |       |       |     3 |     3 ||     6
       Blink             |       |       |       |       |       |     2 |       ||     2
       Apportation       |       |       |       |       |       |     1 |       ||     1
Invok: Lunge             |       |       |       |    42 |    77 |   103 |    44 ||   266
       Whirlwind         |       |       |       |    13 |   221 |   137 |    83 ||   454
       Serpent's Lash    |       |       |       |       |     2 |       |       ||     2
       Heavenly Storm    |       |       |       |       |     2 |     2 |     3 ||     7
 Abil: Wall Jump         |       |       |       |     1 |     6 |     5 |     1 ||    13
Evoke: Wand              |       |       |       |    11 |     5 |       |     2 ||    18
  Use: Scroll            |     3 |     2 |    12 |     8 |    11 |    20 |     5 ||    61
       Potion            |       |       |     5 |     4 |    10 |     8 |     4 ||    31
 Stab: Sleeping          |    14 |    11 |    42 |    43 |    60 |   117 |    32 ||   319
       Distracted        |       |       |     3 |     2 |     7 |     9 |     6 ||    27
       Invisible         |       |       |     2 |     1 |     2 |     9 |     1 ||    15
Armor: Robe              |     4 |     2 |    19 |       |       |       |       ||    25
       Steam dragon scal |       |       |    25 |       |       |       |       ||    25
       Acid dragon scale |       |       |       |    87 |       |       |       ||    87
       Troll leather arm |       |       |       |    22 |   316 |   115 |    68 ||   521
       Ring mail         |       |       |       |       |    22 |       |       ||    22
       Leather armour    |       |       |       |       |     3 |       |       ||     3
Dodge: Dodged            |     6 |    14 |   195 |   471 |  1959 |   987 |   658 ||  4290
Block: Buckler           |       |       |       |   130 |   806 |   438 |   225 ||  1599

Table legend: (Time is in decaauts)
 A = Elapsed time spent in this place.
 B = Non-inter-level travel time spent in this place.
 C = Inter-level travel time spent in this place.
 D = Time resting spent in this place.
 E = Time spent auto-exploring this place.
 F = Levels seen in this place.
 G = Mean time per level.
                   A        B        C        D        E       F      G
               +--------+--------+--------+--------+--------+-----+--------+
         Total |  35713 |  33999 |   1714 |   5221 |  20183 |  32 | 1116.0 |
       Dungeon |  16986 |  16163 |    823 |   2498 |  10045 |  15 | 1132.4 |
        Temple |    299 |    276 |     23 |      0 |    265 |   1 |  299.0 |
          Lair |   6479 |   6148 |    331 |    716 |   3915 |   5 | 1295.8 |
     Snake Pit |   4348 |   4012 |    336 |    314 |   2715 |   4 | 1087.0 |
  Orcish Mines |   2919 |   2756 |    163 |   1104 |    995 |   2 | 1459.5 |
        Vaults |   2250 |   2215 |     35 |    261 |   1348 |   2 | 1125.0 |
       Volcano |    792 |    792 |      0 |     70 |    435 |   1 |  792.0 |
    Desolation |   1198 |   1198 |      0 |    171 |    371 |   1 | 1198.0 |
      Gauntlet |    437 |    437 |      0 |     85 |     92 |   1 |  437.0 |
               +--------+--------+--------+--------+--------+-----+--------+

Top non-repeatable levels by time:
Vaults:1: 1999 daAuts
  Lair:5: 1746 daAuts
    D:12: 1633 daAuts
     D:6: 1580 daAuts
   Orc:1: 1504 daAuts
     D:5: 1438 daAuts
     D:9: 1433 daAuts
   Orc:2: 1414 daAuts
 Snake:3: 1397 daAuts
    D:11: 1354 daAuts
    D:15: 1275 daAuts
  Lair:3: 1214 daAuts
     D:7: 1206 daAuts
  Lair:2: 1204 daAuts
 Snake:4: 1203 daAuts
